 Dungeon Crawl Stone Soup version 0.30-a0-596-g0af90f9a20 (webtiles) character file.

Game seed: 1010095973056958724

1141 testman the Stinger (level 8, 0/48 HPs)
             Began as an Octopode Venom Mage on Jan 6, 2023.
             Was a Follower of Dithmenos.
             Slain by a jelly (2 damage)
             ... on level 6 of the Dungeon.
             The game lasted 00:34:02 (5503 turns).

testman the Stinger (Octopode Venom Mage)           Turns: 5503, Time: 00:34:03

Health: 0/48       AC: -7    Str:  8    XL:     8   Next: 37%
Magic:  21/23      EV: 13    Int: 19    God:    Dithmenos [*.....]
Gold:   180        SH:  0    Dex: 18    Spells: 9/15 levels left

rFire   + . .      SeeInvis .    f - +2 dagger (flame)
rCold   . . .      Faith    .    (no shield)
rNeg    . . .      Spirit   .    (helmet restricted)
rPois   .          Reflect  .    (no amulet)
rElec   .          Harm     .    d - ring of magical power
rCorr   .          Rampage  .    r - ring of protection from fire
Will    .....                    w - +6 ring of dexterity
Stlth   ++++                     (no ring)
HPRegen 0.28/turn                (no ring)
MPRegen 0.18/turn                (no ring)
                                 (no ring)
                                 (no ring)

@: corroded, wreathed by umbra
A: almost no armour, amphibious, 8 rings, camouflage 1, gelatinous body 1,
(nimble swimmer 1), tentacles
a: Renounce Religion


You were on level 6 of the Dungeon.
You worshipped Dithmenos.
Dithmenos was aware of your devotion.
You visited 1 branch of the dungeon, and saw 6 of its levels.

You collected 244 gold pieces.
You spent 64 gold pieces at shops.

Inventory:

Hand Weapons
 f - a +2 dagger of flaming (weapon)
Missiles
 y - 3 atropa-tipped darts
Jewellery
 d - a ring of magical power (left tentacle)
 r - a ring of protection from fire (right tentacle)
 w - a +6 ring of dexterity (on tentacle)
Wands
 u - a wand of flame (10)
 v - a wand of quicksilver (12)
Scrolls
 b - a scroll of fear
 c - a scroll of immolation
 e - a scroll of silence
 i - 3 scrolls of enchant weapon
 k - a scroll of torment {unknown}
 m - 2 scrolls of blinking
 s - 2 scrolls of identify
 t - a scroll of vulnerability {unknown}
 x - a scroll of summoning {unknown}
Potions
 a - a potion of magic
 g - 2 potions of haste
 h - 4 potions of attraction
 j - a potion of might {unknown}
 l - 2 potions of heal wounds {unknown}
 n - a potion of flight {unknown}
 o - 2 potions of curing {unknown}
 p - a potion of brilliance {unknown}
 q - a potion of ambrosia {unknown}


   Skills:
 + Level 1.5 Fighting
 + Level 2.0 Short Blades
 - Level 2.0 Dodging
 - Level 3.0 Stealth
 + Level 4.3 Spellcasting
 - Level 3.3 Conjurations
 - Level 2.0 Transmutations
 + Level 4.2 Air Magic
 + Level 6.3 Poison Magic
 + Level 2.9 Invocations


You had 9 spell levels left.
You knew the following spells:

 Your Spells              Type           Power      Damage    Failure   Level
a - Sting                 Tmut/Pois      80%        1d7       2%          1
b - Poisonous Vapours     Pois/Air       48%        N/A       2%          2
c - Mephitic Cloud        Conj/Pois/Air  21%        N/A       6%          3

Your spell library contained the following spells:

 Spells                   Type           Power      Damage    Failure   Level
 Shock                    Conj/Air       72%        1d7       2%          1
 Swiftness                Air            20%        N/A       7%          3
 Olgreb's Toxic Radiance  Pois           28%        N/A       10%         4
 Apportation              Tloc           8%         N/A       14%         1
 Necrotise                Necr           16%        1d4       14%         1
 Summon Small Mammal      Summ           16%        N/A       14%         1
 Vhi's Electric Charge    Tloc/Air       24%        N/A       17%         3
 Airstrike                Air            10%        2d(2-18)  24%         4
 Tukima's Dance           Hex            4%         N/A       38%         3
 Alistair's Intoxication  Tmut/Pois      13%        N/A       54%         5
 Arcjolt                  Conj/Air       9%         1d19      61%         5
 Passage of Golubria      Tloc           4%         N/A       80%         4
 Yara's Violent Unravell  Hex/Tmut       3%         3d4       94%         5
 Summon Forest            Summ/Tloc      2%         N/A       98%         5
 Summon Mana Viper        Hex/Summ       4%         N/A       98%         5
 Summon Cactus Giant      Summ           2%         N/A       100%        6
 Maxwell's Capacitive Co  Air            10%        ∞         100%        8


Dungeon Overview and Level Annotations

Branches:
Dungeon (6/15)             Temple (0/1) D:5

Altars:
Dithmenos
Trog

Shops:
D:1 =   D:2 ?(?*

Annotations:
D:6 1 runed translucent door, Bediveer's ghost, novice HuWn


Innate Abilities, Weirdness & Mutations

You cannot wear most types of armour.
You are amphibious.
You can wear up to eight rings at the same time.
Your skin changes colour to match your surroundings (Stealth+).
Your rubbery body absorbs attacks. (AC +1, EV +1)
((You are camouflaged when in or above water. (Stealth+)))
You have tentacles for arms and can constrict up to eight enemies at once.


Message History

You catch the helpless orc wizard completely off-guard!
You puncture the orc wizard! You burn the orc wizard.
The orc wizard is almost dead.
You constrict the orc wizard. The jelly barely misses you.
The orc wizard is engulfed in noxious fumes.
The orc wizard appears confused.
The orc wizard struggles to escape constriction.
You hit the orc wizard but do no damage.
You squeeze the orc wizard.
The orc wizard is almost dead.
You constrict the orc wizard.
You kill the orc wizard!
Dithmenos accepts your kill. The jelly closely misses you.
You hit the jelly but do no damage.
Your tentacles burn!
You squeeze the jelly, but do no damage.
You hit the jelly but do no damage.
Your tentacles burn!
You squeeze the jelly!
The jelly is severely wounded.
The jelly misses you.
You hit the jelly but do no damage.
Your tentacles burn!
The jelly is severely wounded.
The jelly closely misses you.
You hit the jelly but do no damage.
Your tentacles burn!
* * * LOW HITPOINT WARNING * * *
The jelly is severely wounded.
The jelly completely misses you.
You hit the jelly but do no damage.
Your tentacles burn!
* * * LOW HITPOINT WARNING * * *
You squeeze the jelly, but do no damage.
The jelly is severely wounded.
The jelly hits you.
* * * LOW HITPOINT WARNING * * *
You are splashed with acid.
* * * LOW HITPOINT WARNING * * *
You hit the jelly but do no damage.
Your tentacles burn!
* * * LOW HITPOINT WARNING * * *
You squeeze the jelly.
The jelly is almost dead.
The jelly hits you.
You die...

..........##...#..#W~~~~
.........)###.....#$....
........####.....#######
#........###...###......
##.............# #......
##..........#####......
..#..........## #.......
.......)......# #.......
..#...J@.....####......#
..###..............#####
#..##........#.## .<##
#.......#### ....
#....#### ... #...<# #
##..## #... ##.


You could see a jelly.

Vanquished Creatures
  2 black bears (D:5)
  2 ogres
  A centaur (D:6)
  A bullfrog (D:5)
  A necrophage (D:4)
  4 jellies
  An orc priest (D:3)
  Natasha (thrice) (D:4)
  Terence (D:3)
  3 iguanas
  4 orc wizards
  3 gnolls (D:3)
  5 adders
  An ufetubus (D:3)
  2 worms
  2 dart slugs (D:1)
  12 orcs
  7 bats
  8 endoplasms
  2 giant cockroaches
  8 hobgoblins
  3 jackals (D:4)
  6 kobolds
  5 ball pythons
  4 frilled lizards
  12 goblins
  3 rats
106 creatures vanquished.

Notes
Turn   | Place    | Note
-------+----------+-------------------------------------------
     0 | D:1      | testman the Octopode Venom Mage began the quest for the
                  | Orb.
     0 | D:1      | Reached XP level 1. HP: 11/11 MP: 3/3
    35 | D:1      | Found Cukoevvij's Jewellery Shoppe.
   135 | D:1      | Reached XP level 2. HP: 17/17 MP: 1/5
   321 | D:1      | Reached skill level 4 in Poison Magic
   324 | D:1      | Learned a level 2 spell: Poisonous Vapours
   440 | D:1      | You fall into a shaft and drop 1 floor!
   440 | D:2      | Found Wymod's Weapon Shop.
   791 | D:2      | Found Ganna's Assorted Antiques.
   811 | D:2      | Reached XP level 3. HP: 16/21 MP: 1/6
   815 | D:2      | Learned a level 3 spell: Mephitic Cloud
   925 | D:2      | Found Azeklatuny's Magic Scroll Boutique.
   933 | D:2      | Bought a scroll of identify for 28 gold pieces
   933 | D:2      | Bought a scroll of noise for 14 gold pieces
  1099 | D:2      | Found Giehilisch's Magic Scroll Emporium.
  1107 | D:2      | Reached skill level 1 in Air Magic
  1145 | D:2      | Bought a scroll of identify for 22 gold pieces
  1575 | D:2      | Reached XP level 4. HP: 27/27 MP: 1/7
  1595 | D:2      | Reached skill level 1 in Conjurations
  2083 | D:3      | Reached XP level 5. HP: 31/31 MP: 9/9
  2593 | D:3      | Found a bloodstained altar of Trog.
  2658 | D:3      | Noticed an ogre
  2671 | D:3      | Killed an ogre
  2672 | D:3      | Reached XP level 6. HP: 36/36 MP: 6/10
  2688 | D:3      | Noticed Terence
  2774 | D:3      | Reached skill level 5 in Poison Magic
  2809 | D:3      | Killed Terence
  2855 | D:3      | Found a shadowy altar of Dithmenos.
  2866 | D:3      | Became a worshipper of Dithmenos the Shadowed
  3084 | D:4      | Noticed Natasha
  3096 | D:4      | Killed Natasha
  3239 | D:4      | Noticed Natasha
  3250 | D:4      | Killed Natasha
  3426 | D:4      | Noticed Natasha
  3432 | D:4      | Killed Natasha
  3433 | D:4      | Reached skill level 1 in Invocations
  3628 | D:4      | Reached XP level 7. HP: 33/41 MP: 12/12
  3728 | D:4      | Reached * piety under Dithmenos
  4151 | D:5      | Entered Level 5 of the Dungeon
  4307 | D:5      | Reached skill level 1 in Short Blades
  4696 | D:5      | Reached skill level 6 in Poison Magic
  4696 | D:5      | Reached XP level 8. HP: 41/47 MP: 14/14
  4752 | D:5      | Found a staircase to the Ecumenical Temple.
  4777 | D:5      | Reached skill level 1 in Fighting
  5294 | D:6      | Found a runed translucent door.
  5299 | D:6      | Noticed Bediveer's ghost (novice HuWn)
  5503 | D:6      | HP: 2/48 [acid (2)]
  5503 | D:6      | Slain by a jelly

Illustrated notes

Levels and vault maps discovered:
D:1:      matt_arrival_grand_opening, layout_rooms, serial_shops,
          nicolae_shop_hallway_plus
D:2:      kennysheep_the_goblin_king, layout_basic, serial_shops, shop, shop,
          shop_statue, shop, minmay_misc_feat_hallway
D:3:      layout_basic, old_standard_altar,
          nicolae_dithmenos_through_a_glass_darkly, uniq_terence
D:4:      layout_basic, uniq_natasha
D:5:      layout_loops_corners, minmay_temple_entry_overgrown
D:6:      layout_cave_pools, nicolae_ru_sacrificial_ziggurat,
          ebering_ghost_reflecting_pool

Skill      XL: |  1  2  3  4  5  6  7  8 |
---------------+-------------------------+-----
Poison Magic   | 4 5 6 |  6.3
Transmutations | 2 |  2.0
Air Magic      | 1 2 3 4 |  4.2
Conjurations   | 1 2 3 |  3.3
Spellcasting   | 3 4 |  4.3
Invocations    | 1 2 |  2.9
Stealth        | 3 |  3.0
Short Blades   | 1 2 |  2.0
Fighting       | 1 |  1.5
Dodging        | |  2.0

Action                   |  1- 3 |  4- 6 |  7- 9 || total
-------------------------+-------+-------+-------++-------
Melee: Unarmed           |     2 |       |       ||     2
       Constrict         |    11 |    19 |     9 ||    39
       Dagger            |    27 |    69 |    48 ||   144
       Tentacles         |     5 |    13 |    10 ||    28
       Punch             |       |     1 |     1 ||     2
 Cast: Sting             |    28 |    39 |    21 ||    88
       Poisonous Vapours |     2 |    14 |    10 ||    26
       Mephitic Cloud    |     1 |     8 |     6 ||    15
  Use: Scroll            |     5 |     2 |     1 ||     8
 Stab: Sleeping          |     8 |     7 |     6 ||    21
       Confused          |       |       |     2 ||     2
Armor: Skin              |     1 |     4 |       ||     5
Dodge: Dodged            |    21 |    41 |    29 ||    91

Table legend: (Time is in decaauts)
 A = Elapsed time spent in this place.
 B = Non-inter-level travel time spent in this place.
 C = Inter-level travel time spent in this place.
 D = Time resting spent in this place.
 E = Time spent auto-exploring this place.
 F = Levels seen in this place.
 G = Mean time per level.
                   A        B        C        D        E       F      G
               +--------+--------+--------+--------+--------+-----+--------+
         Total |   5497 |   5341 |    156 |    185 |   4278 |   6 |  916.2 |
       Dungeon |   5497 |   5341 |    156 |    185 |   4278 |   6 |  916.2 |
               +--------+--------+--------+--------+--------+-----+--------+

Top non-repeatable levels by time:
     D:2: 1347 daAuts
     D:5: 1235 daAuts
     D:4: 1214 daAuts
     D:3: 1016 daAuts
     D:1: 568 daAuts
     D:6: 114 daAuts
